AoeStats
← Leadman22

Arena

505078297Analyzed
1v1 RM · 24d ago on Sep 7, 2026· 68m 43s· 2 players
Game mode
Random Map
Map size
Tiny (2 player)
Population
200
Speed
Normal
Resources
Standard
Victory
Conquest
Starting age
Dark Age
Ending age
Imperial Age
RankedLock teamsTeams togetherTeam positionsShared explorationLock speedFull tech treeHidden civsTurbo modeCheats
Victory
Defeat
🇹🇷 Turks · Türkiye
753
+17
🇺🇸 Britons · United States
771
-17
fatihgist
12:38 Feudal Age
17:22 Castle Age
22:03 Imperial Age
19:34 Double-Bit Axe
19:43 Gold Mining
21:40 Bow Saw
24:49 Horse Collar
25:47 Gold Shaft Mining
25:51 Wheelbarrow
28:21 Hand Cart
31:13 Heavy Plow
45:02 Bombard Tower
45:05 Ballistics
48:41 Fletching
48:53 Padded Archer Armor
50:01 Bodkin Arrow
50:22 Leather Archer Armor
53:44 Bracer
54:15 Ring Archer Armor
54:55 Cavalier
55:36 Husbandry
55:47 Bloodlines
55:42 Scale Mail Armor
55:51 Scale Barding Armor
55:56 Forging
55:19 Heavy Camel Rider
57:06 Murder Holes
65:21 Artillery
Leadman22
5:10 Loom
11:35 Feudal Age
17:54 Castle Age
16:49 Wheelbarrow
16:02 Double-Bit Axe
17:00 Horse Collar
18:31 Fletching
19:40 Squires
21:56 Bow Saw
21:50 Heavy Plow
22:42 Forging
24:01 Crossbowman
25:36 Gold Mining
25:37 Elite Skirmisher
26:40 Bodkin Arrow
28:44 Iron Casting
28:00 Light Cavalry
30:19 Hand Cart
29:28 Elite Skirmisher
34:57 Ballistics
34:17 Treadmill Crane
34:34 Murder Holes
41:49 Imperial Age
40:41 Town Watch
42:39 Sanctity
44:00 Chemistry
42:56 Murder Holes
44:10 Conscription
45:07 Two-Man Saw
45:16 Bracer
50:21 Gold Shaft Mining
49:37 Stone Mining
53:13 Man-at-Arms
53:39 Gambesons
55:13 Long Swordsman
56:23 Yeomen
57:27 Two-Handed Swordsman
59:42 Warwolf
60:19 Padded Archer Armor
65:13 Pikeman
Connection lost

Rejoining the realm…

Still unreachable

The connection could not be restored.

Session expired

The server has moved on; the page needs a fresh start.